 Dungeon Crawl Stone Soup version 0.28-a0-511-gcc94558de3 (webtiles) character file.

Game seed: 314114249852459545

2537 meatgazer the Agent of Entropy (level 9, 0/70 HPs)
             Began as a Demonspawn Abyssal Knight on Sept 21, 2021.
             Was a Priest of Lugonu.
             Slain by a red ugly thing (18 damage)
             ... on level 8 of the Dungeon.
             The game lasted 00:15:26 (8177 turns).

meatgazer the Agent of Entropy (DsAK)               Turns: 8177, Time: 00:15:26

Health: 0/70       AC: 13    Str: 16    XL:     9   Next: 30%
Magic:  16/16      EV: 12    Int: 11    God:    Lugonu [***...]
Gold:   389        SH:  8    Dex: 15    Spells: 8/8 levels left

rFire   . . .      SeeInvis .   a - +1 spear (vamp)
rCold   . . .      Faith    .   i - +3 buckler
rNeg    + . .      Spirit   .   c - +1 chain mail "Hyzarcha" {+Inv Regen+}
rPois   .          Reflect  .   f - +2 helmet
rElec   .          Harm     +   j - scarf {harm}
rCorr   .          Rampage  .   (gloves unavailable)
Will    .....                   (no boots)
Stlth   ..........              d - amulet of the acrobat
HPRegen 1.21/turn               l - ring of positive energy
MPRegen 0.15/turn               (no ring)

@: mighty, agile
A: claws 3, talons 1, foul stench 3, powered by pain 1
a: Renounce Religion, Evoke Invisibility, Depart the Abyss, Bend Space, Banish


You were on level 8 of the Dungeon.
You worshipped Lugonu.
Lugonu was most pleased with you.
You visited 1 branch of the dungeon, and saw 8 of its levels.
You visited the Abyss 1 time.

You collected 389 gold pieces.

Inventory:

Hand Weapons
 a - a +1 vampiric spear (weapon)
 n - a +3 halberd
Armour
 c - the +1 chain mail "Hyzarcha" (worn) {+Inv Regen+}
   (You found it on level 3 of the Abyss)

   +Inv:      It lets you turn invisible.
   Regen:     It increases your rate of health regeneration.
 f - a +2 helmet (worn)
 i - a +3 buckler (worn)
 j - a scarf of harm (worn)
Jewellery
 d - an amulet of the acrobat (around neck)
 l - a ring of positive energy (left claw)
 p - a ring of poison resistance
 r - a ring of fire
Wands
 e - a wand of digging (10)
 k - a wand of polymorph (14)
Scrolls
 b - 2 scrolls of teleportation
 g - 3 scrolls of magic mapping
 q - a scroll of identify
Potions
 h - a potion of flight
 m - a potion of curing
 s - a potion of brilliance {unknown}


   Skills:
 * Level 6.3 Fighting
 * Level 5.4 Polearms
 + Level 4.1 Armour
 - Level 0.8 Dodging
 - Level 4.0 Shields
 * Level 10.0 Invocations
 - Level 1.0 Evocations


You had 8 spell levels left.
You didn't know any spells.
Your spell library contained the following spells:

 Spells                   Type           Power      Damage    Failure   Level
 Summon Ice Beast         Ice/Summ       0%         N/A       100%        4
 Summon Mana Viper        Hex/Summ       0%         N/A       100%        5
 Monstrous Menagerie      Summ           0%         N/A       100%        7


Dungeon Overview and Level Annotations

Branches:
Dungeon (8/15)             Temple (0/1) D:4
   Lair: D:8-11

Altars:
Cheibriados
Okawaru
Sif Muna

Shops:
D:2 (   D:5 *   D:8 *

Annotations:
D:7 2 transporters, CraigForest's ghost, novice GrMo
Abyss:1 Pikel


Innate Abilities, Weirdness & Mutations

You have claws for hands.
You have sharp toenails.
You frequently emit foul miasma when damaged in melee.
You sometimes gain a little power by taking damage.


Message History

k - a wand of polymorph (14) (gained 8 charges)
You open the door.
A red ugly thing comes into view.
The red ugly thing gurgles horribly!
You hear a shout! x2
An orc comes into view. It is wielding a +0 flail.
There is an open door here.
The orc shouts!
You reach to attack!
You hit the red ugly thing.
The red ugly thing is lightly wounded.
You completely miss the red ugly thing.
The red ugly thing is lightly wounded.
The red ugly thing tentacle-slaps you.
You are engulfed in flames!
You emit a cloud of foul miasma!
You hit the red ugly thing but do no damage.
You claw the red ugly thing.
The red ugly thing is lightly wounded.
The red ugly thing is engulfed in dark miasma.
The red ugly thing is poisoned.
The red ugly thing seems to slow down.
The red ugly thing tentacle-slaps you.
You are engulfed in flames!
You focus on the pain.
You feel agile all of a sudden.
You feel much better.
The red ugly thing is engulfed in dark miasma.
The red ugly thing looks even sicker.
The red ugly thing tentacle-slaps you.
You are engulfed in flames!!
* * * LOW HITPOINT WARNING * * *
You focus on the pain.
You feel very mighty all of a sudden.
Your chain mail "Hyzarcha" prevents you from hitting the red ugly thing.
Your kick misses the red ugly thing.
The red ugly thing is lightly wounded.
You puncture the red ugly thing!
You feel better.
You claw the red ugly thing!
The red ugly thing is heavily wounded.
The orc closely misses you.
The red ugly thing is engulfed in dark miasma.
The red ugly thing looks even sicker.
The red ugly thing seems to slow down.
The red ugly thing tentacle-slaps you!
* * * LOW HITPOINT WARNING * * *
You are engulfed in flames!
You die...

.........'....#..#....
.........#...##..#....
.........#...##..#....
..#####'##...#...#.... #
#.....##...##..#....
#.....##...##..#....
#.....#.....#..'....
####'###....'..#....
#.u@..##'#####+#....
......o...#............. #(...#
..........#............. #....#
..........#............. .#....#
...########.............
.+....####'##....................
.#......................#####....
.#..................##### #....
.#..................'..# #....


You could see a red ugly thing (very poisoned, slow) and an orc.

Vanquished Creatures
  2 water moccasins
  An ogre (D:5)
  A centaur (D:6)
  2 lemures (D:7)
  Blork the orc (D:5)
  2 bullfrogs
  4 scorpions
  A water moccasin skeleton (D:6)
  A wight (D:7)
  A centaur zombie (D:7)
  5 hounds
  2 orc priests
  7 iguanas
  7 orc wizards
  Natasha (thrice) (D:4)
  A hound zombie (D:5)
  4 gnolls
  A howler monkey skeleton (D:4)
  8 adders
  A shadow imp (D:6)
  2 ufetubi
  An adder zombie (D:5)
  A worm (D:3)
  7 dart slugs
  19 orcs
  8 ball pythons
  7 bats
  7 endoplasms
  6 giant cockroaches
  5 goblins
  7 hobgoblins
  9 jackals
  9 quokkas
  6 kobolds
  8 rats
157 creatures vanquished.

Notes
Turn   | Place    | Note
-------+----------+-------------------------------------------
     0 | Abyss:1  | meatgazer the Demonspawn Abyssal Knight began the quest for
                  | the Orb.
     0 | Abyss:1  | Reached XP level 1. HP: 18/18 MP: 2/2
   134 | Abyss:1  | Found a corrupted altar of Lugonu.
   184 | Abyss:1  | Noticed a chaos spawn
   202 | Abyss:2  | Found a corrupted altar of Lugonu.
   227 | Abyss:2  | Noticed a harpy zombie
   244 | Abyss:3  | Identified the +1 chain mail "Hyzarcha" {+Inv Regen+}
   251 | Abyss:3  | Noticed a starcursed mass
   293 | Abyss:4  | Noticed a smoke demon
   296 | Abyss:4  | Noticed a small abomination
   297 | D:1      | Escaped the Abyss
   776 | D:1      | Gained mutation: You may rarely emit foul miasma when
                  | damaged in melee. [demonic ancestry]
   776 | D:1      | Reached XP level 2. HP: 24/24 MP: 4/4
   863 | D:1      | Reached skill level 3 in Invocations
   921 | D:1      | Reached * piety under Lugonu
   994 | D:1      | Gained mutation: You have sharp toenails. [demonic
                  | ancestry]
   994 | D:1      | Reached XP level 3. HP: 19/29 MP: 5/5
  1114 | D:1      | Reached skill level 1 in Evocations
  1350 | D:1      | You fall into a shaft and drop 1 floor!
  1659 | D:2      | Reached ** piety under Lugonu
  1660 | D:2      | Reached skill level 4 in Invocations
  1660 | D:2      | Gained mutation: You have sharp fingernails. [demonic
                  | ancestry]
  1660 | D:2      | Reached XP level 4. HP: 35/35 MP: 5/7
  1745 | D:2      | Reached skill level 1 in Shields
  1886 | D:2      | Found Niomiez's Weapon Shop.
  2593 | D:3      | Gained mutation: You have very sharp fingernails. [demonic
                  | ancestry]
  2593 | D:3      | Reached XP level 5. HP: 41/41 MP: 8/8
  3362 | D:4      | Found a staircase to the Ecumenical Temple.
  3393 | D:4      | Reached skill level 5 in Invocations
  3427 | D:4      | Reached *** piety under Lugonu
  3467 | D:3      | Gained mutation: You sometimes emit foul miasma when
                  | damaged in melee. [demonic ancestry]
  3467 | D:3      | Reached XP level 6. HP: 17/47 MP: 10/10
  3706 | D:3      | Reached skill level 6 in Invocations
  3894 | D:4      | Found a snail-covered altar of Cheibriados.
  3914 | D:4      | Noticed Natasha
  3917 | D:4      | Killed Natasha
  3987 | D:4      | Noticed Natasha
  3995 | D:4      | Killed Natasha
  4061 | D:4      | Noticed Natasha
  4070 | D:4      | Killed Natasha
  4169 | D:5      | Entered Level 5 of the Dungeon
  4182 | D:5      | Reached skill level 7 in Invocations
  4182 | D:5      | Gained mutation: You have claws for hands. [demonic
                  | ancestry]
  4182 | D:5      | Reached XP level 7. HP: 45/52 MP: 12/12
  4463 | D:5      | Found Alouv's General Store.
  5463 | D:5      | Noticed Blork the orc
  5482 | D:5      | Killed Blork the orc
  5483 | D:5      | Reached skill level 8 in Invocations
  5492 | D:5      | Found a shimmering blue altar of Sif Muna.
  5754 | D:6      | Gained mutation: You frequently emit foul miasma when
                  | damaged in melee. [demonic ancestry]
  5754 | D:6      | Reached XP level 8. HP: 59/61 MP: 14/14
  5791 | D:6      | Reached **** piety under Lugonu
  6232 | D:6      | Reached skill level 5 in Fighting
  6403 | D:6      | Found an iron altar of Okawaru.
  6671 | D:7      | Reached skill level 9 in Invocations
  6751 | D:7      | Found a transporter.
  6774 | D:7      | Found a transporter.
  6777 | D:7      | Noticed CraigForest's ghost (novice GrMo)
  7060 | D:7      | Noticed Pikel
  7116 | D:7      | Banished Pikel
  7117 | D:7      | Reached skill level 5 in Polearms
  7117 | D:7      | Gained mutation: You sometimes gain a little power by
                  | taking damage. [demonic ancestry]
  7117 | D:7      | Reached XP level 9. HP: 67/69 MP: 11/16
  7890 | D:8      | Reached skill level 10 in Invocations
  7989 | D:8      | Found Meufoetz's General Store.
  8170 | D:8      | Noticed a red ugly thing
  8177 | D:8      | Slain by a red ugly thing

Illustrated notes

Levels and vault maps discovered:
D:1:      tarquinn_simple_flora_water_c, layout_loops_ring
D:2:      layout_rooms, serial_shops,
          nicolae_shop_temple_entry_statues_fountains,
          chequers_serial_rivers_room_a, minmay_tall_x
D:3:      layout_basic
D:4:      layout_basic, kennysheep_mini_moat, minmay_temple_entry_junction_2,
          uniq_natasha
D:5:      layout_layer_cave, tgw_sif, serial_shops, nicolae_shop_statue_plus
D:6:      layout_basic, mainiacjoe_overflow_alcove_4
D:7:      layout_basic, gammafunk_ghost_stat_death, kennysheep_generic_room_10,
          uniq_pikel
D:8:      layout_gridville, serial_shops, shop, nicolae_straight_to_the_point

Skill      XL: |  1  2  3  4  5  6  7  8  9 |
---------------+----------------------------+-----
Invocations    | 3 4 5 7 8 9 10 | 10.0
Polearms       | 2 3 5 |  5.4
Armour         | 2 3 4 |  4.1
Evocations     | 1 |  1.0
Shields        | 1 3 4 |  4.0
Fighting       | 4 6 |  6.3
Dodging        | |  0.8

Action                   |  1- 3 |  4- 6 |  7- 9 || total
-------------------------+-------+-------+-------++-------
Melee: Spear             |   140 |   220 |   365 ||   725
       Kick              |    21 |    57 |    86 ||   164
Invok: Depart the Abyss  |     1 |       |       ||     1
       Banish            |       |       |     7 ||     7
  Use: Scroll            |     5 |     5 |     4 ||    14
       Potion            |     3 |     3 |     3 ||     9
Armor: Chain mail        |    65 |    95 |   113 ||   273
Dodge: Dodged            |    35 |    76 |    82 ||   193
Block: Buckler           |       |       |    90 ||    90

Table legend: (Time is in decaauts)
 A = Elapsed time spent in this place.
 B = Non-inter-level travel time spent in this place.
 C = Inter-level travel time spent in this place.
 D = Time resting spent in this place.
 E = Time spent auto-exploring this place.
 F = Levels seen in this place.
 G = Mean time per level.
                   A        B        C        D        E       F      G
               +--------+--------+--------+--------+--------+-----+--------+
         Total |   8142 |   7824 |    318 |   1432 |   5053 |  12 |  678.5 |
       Dungeon |   7846 |   7528 |    318 |   1432 |   4826 |   8 |  980.8 |
         Abyss |    296 |    296 |      0 |      0 |    227 |   4 |   74.0 |
               +--------+--------+--------+--------+--------+-----+--------+

Top non-repeatable levels by time:
     D:3: 1571 daAuts
     D:5: 1522 daAuts
     D:7: 1337 daAuts
     D:1: 1219 daAuts
     D:6: 782 daAuts
     D:2: 564 daAuts
     D:4: 515 daAuts
     D:8: 332 daAuts
 Abyss:1: 198 daAuts
 Abyss:4: 39 daAuts
 Abyss:2: 38 daAuts
 Abyss:3: 19 daAuts
